Map: Ascension to Aiur LE

Players

Kunamatata

  • Race: Terran Terran
  • League: Master
  • Spawn Location: 5:00

A.I. 1 (Very Easy) - Winner!

  • Race: Terran Terran
  • Spawn Location: 11:00

VOD

Have the link to the VOD?

Description

Time

  • Played on: Jan. 19, 2018, 12:14 p.m.
  • Length: 6:37
Show
View Real Time Build Order
Export as new Build Order

Kunamatata Terran 

Build Orders: Cyclone Opening, Reaper Expand 

Get SALT Encoding   

  12  0:01  SCV  
  13  0:13  SCV  
  14  0:17  Supply Depot  
  14  0:25  SCV  
  14  0:28  Refinery  
  15  0:39  SCV  
  16  0:45  Barracks  
  16  0:51  SCV  
  17  1:03  SCV  
  18  1:15  SCV  
  19  1:31  Orbital Command  
  19  1:32  Reaper  
  20  1:44  Command Center  
  20  1:53  Factory  
  20  1:57  SCV  
  21  2:03  Refinery  
  21  2:06  Reaper  
  22  2:12  Supply Depot  
  22  2:14  SCV  
  23  2:34  SCV  
  24  2:37  Barracks, Cyclone  
  27  2:44  Barracks Reactor  
  27  2:46  SCV  
  28  2:55  Orbital Command  
  28  2:58  SCV  
  29  3:09  Cyclone  
  29  3:12  SCV  
  33  3:16  Engineering Bay  
  33  3:21  SCV  
  33  3:23  Marine x2  
  33  3:24  SCV  
  33  3:26  Barracks Tech Lab  
  37  3:33  SCV  
  38  3:36  SCV  
  38  3:37  Supply Depot  
  39  3:42  Marine x2  
  39  3:45  Stimpack  
  39  3:47  SCV  
  42  3:49  Terran Infantry Weapons Level 1  
  42  3:51  SCV  
  43  4:01  Marine x3  
  47  4:03  SCV  
  47  4:06  Starport  
  47  4:08  SCV  
  48  4:12  Factory Reactor  
  48  4:15  SCV  
  49  4:18  Marine, Supply Depot  
  49  4:21  Marine x2, Refinery  
  49  4:22  SCV  
  53  4:26  Supply Depot  
  53  4:27  SCV  
  54  4:40  Marine x2, SCV x2  
  54  4:42  Supply Depot  
  54  4:44  Marine  
  59  4:48  Supply Depot  
  59  4:52  SCV  
  60  4:54  Medivac x2  
  60  4:55  SCV  
  60  4:56  Factory Tech Lab  
  60  4:57  Marine  
  60  4:59  Marine  
  67  5:02  Marine  
  67  5:04  SCV  
  69  5:07  SCV  
  69  5:09  Supply Depot  
  70  5:15  Marine  
  70  5:16  SCV  
  70  5:17  Marine  
  70  5:19  Siege Tank, SCV  
  77  5:37  SCV x2  
  77  5:38  Refinery  
  77  5:40  Armory  
  77  5:42  Marine, Engineering Bay  
  80  5:43  Marine  
  80  5:44  Marine  
  80  5:46  Command Center  
  82  5:55  Supply Depot  
  82  6:05  Marine x3  
  82  6:06  Medivac  
  90  6:13  Barracks  
  90  6:18  Supply Depot, SCV  
  90  6:19  Supply Depot  
Show
View Real Time Build Order
Export as new Build Order

A.I. 1 (Very Easy) Terran - Winner!

Build Orders:  

Get SALT Encoding   

  12  0:00  SCV  
  13  0:13  SCV  
  14  0:19  Supply Depot  
  14  0:37  Refinery  
  14  0:42  Barracks  
  14  1:04  Supply Depot  
  14  1:12  Refinery  
  14  1:29  SCV  
  14  1:30  Marine  
  16  1:41  SCV  
  17  1:54  SCV  
  18  2:01  Marine  
  19  2:06  SCV  
  20  2:18  SCV  
  21  2:30  SCV  
  21  2:31  Marine  
  23  2:43  Orbital Command  
  23  4:02  SCV  
  23  4:42  SCV  
  23  5:42  SCV  
  24  5:43  Marine  
  24  5:45  Supply Depot  
  24  5:48  Factory  
  25  6:07  SCV  
  25  6:10  Supply Depot  
  25  6:12  Marine  
  23  6:19  SCV  
Tags
 
Add a new tag
Caveats
  • Supply blocks, unpowered buildings, or Contaminate may cause inaccurate times.
  • Supply counts are checked every 10 seconds.